Map: Thunderbird LE

Players

DnS - Winner!

  • Race: Protoss Protoss
  • Spawn Location: 11:00

Denver

  • Race: Zerg Zerg
  • Spawn Location: 5:00

VOD

Have the link to the VOD?

Description

Time

  • Played on: Sept. 7, 2019, 1:27 p.m.
  • Length: 16:48
Show
View Real Time Build Order
Export as new Build Order

DnS Protoss - Winner!

Build Orders: 1 Gate Expand, Oracle Opening, Phoenix Opening, Carriers, Mass Phoenix 

Get SALT Encoding   

  12  0:00  Probe  
  13  0:12  Probe  
  14  0:17  Pylon  
  14  0:24  Probe  
  15  0:32  Probe  
  15  0:39  Gateway  
  15  0:40  Probe  
  16  0:46  Assimilator  
  17  0:51  Probe  
  18  1:03  Probe  
  19  1:15  Probe  
  20  1:24  Nexus  
  20  1:33  Cybernetics Core  
  20  1:36  Probe  
  21  1:43  Assimilator  
  21  1:48  Probe  
  21  1:52  Pylon  
  22  2:00  Probe, Adept  
  23  2:13  Probe  
  23  2:15  Stargate  
  26  2:25  Probe  
  26  2:28  Warp Gate, Pylon  
  27  2:32  Probe  
  27  2:33  Adept  
  30  2:37  Probe  
  30  2:40  Probe  
  32  2:49  Phoenix, Probe  
  32  2:50  Probe  
  36  3:01  Probe  
  36  3:02  Probe  
  38  3:10  Oracle  
  38  3:13  Probe  
  38  3:14  Gateway, Probe  
  38  3:16  Pylon  
  40  3:25  Probe  
  40  3:26  Probe  
  45  3:27  Assimilator  
  45  3:31  Assimilator  
  45  3:37  Probe  
  46  3:43  Probe  
  46  3:47  Stargate  
  47  3:49  Probe  
  47  3:51  Probe  
  47  3:53  Pylon  
  49  3:59  Probe, Phoenix  
  49  4:01  Probe  
  52  4:05  Pylon  
  53  4:10  Probe  
  53  4:14  Probe  
  55  4:21  Zealot  
  57  4:24  Zealot  
  57  4:25  Probe  
  57  4:26  Phoenix  
  57  4:30  Phoenix  
  64  4:44  Nexus  
  64  4:51  Phoenix, Probe x2  
  68  4:53  Phoenix  
  68  4:54  Pylon  
  70  5:05  Pylon  
  70  5:13  Probe  
  71  5:16  Phoenix  
  71  5:18  Phoenix, Probe  
  71  5:19  Robotics Facility  
  76  5:25  Probe  
  76  5:28  Twilight Council  
  77  5:31  Forge  
  77  5:40  Probe  
  80  5:46  Probe  
  79  5:50  Pylon  
  79  5:52  Gateway, Probe  
  79  5:54  Protoss Ground Weapons Level 1  
  80  5:57  Immortal  
  80  5:59  Probe  
  80  6:01  Probe  
  82  6:04  Probe, Charge  
  82  6:09  Pylon, Sentry  
  82  6:11  Probe  
  90  6:13  Probe  
  90  6:16  Probe, Assimilator  
  92  6:20  Assimilator  
  92  6:23  Probe  
  92  6:25  Probe  
  94  6:29  Probe  
  94  6:31  Void Ray x2  
  103  6:33  Gateway  
  103  6:35  Probe  
  103  6:37  Probe  
  105  6:40  Sentry  
  105  6:41  Probe  
  108  6:49  Gateway  
  108  6:50  Gateway  
  108  6:52  Templar Archives  
  108  6:54  Probe x2  
  110  6:55  Protoss Air Weapons Level 1  
  110  7:02  Gateway  
  110  7:04  Gateway  
  110  7:08  Photon Cannon  
  110  7:10  Pylon  
  110  7:15  Zealot x3  
  117  7:25  Pylon x2  
  120  7:33  Psionic Storm  
  124  7:45  Zealot x3, High Templar x2  
  124  7:50  Protoss Ground Weapons Level 2  
  134  7:52  Nexus  
  126  8:00  High Templar x2  
  126  8:01  High Templar  
  130  8:06  Pylon  
  130  8:08  Pylon  
  130  8:09  Photon Cannon  
  130  8:12  Photon Cannon  
  130  8:13  Photon Cannon, High Templar, Shield Battery  
  132  8:22  Warp Prism  
  132  8:23  Probe x3  
  137  8:29  Photon Cannon  
  137  8:30  Photon Cannon  
  137  8:32  Photon Cannon  
  137  8:34  Photon Cannon  
  137  8:36  Photon Cannon, Pylon  
  137  8:38  Shield Battery  
  137  8:48  High Templar x2, Assimilator  
  135  8:49  High Templar x2  
  135  8:50  Probe x3, Assimilator  
  135  8:51  Warp Prism  
  135  8:53  Archon x2  
  146  9:07  Fleet Beacon  
  146  9:30  Zealot x4  
  154  9:31  Pylon  
  154  9:36  Observer  
  154  9:40  Mothership  
  154  9:42  Carrier x2  
  154  9:45  Nexus  
  153  9:49  Pylon  
  153  9:51  Pylon  
  158  10:17  Zealot x8  
  172  10:26  Nexus  
  164  10:39  High Templar x4  
  164  10:40  High Templar x2  
  166  10:44  Archon, Carrier x2  
  166  10:45  Archon  
  166  10:46  Archon  
  166  10:47  Archon  
  155  10:58  Protoss Ground Weapons Level 3  
  155  11:01  High Templar  
  169  11:06  Warp Prism  
  171  11:23  Gateway  
  171  11:25  Gateway  
  169  11:26  Gateway  
  169  11:27  Gateway, Zealot x7  
  181  11:41  Blink  
  181  11:42  Stargate  
  181  11:43  Nexus  
  181  11:45  Stargate  
  181  11:46  Pylon  
  155  11:48  Pylon  
  155  11:50  Carrier x2  
  155  11:56  Protoss Air Weapons Level 2  
  155  11:59  Zealot  
  168  12:22  High Templar x2  
  172  12:26  Zealot x2  
  172  12:27  Zealot  
  172  12:28  Archon  
  176  12:37  Warp Prism, Nexus  
  176  12:38  Pylon  
  176  12:42  Stalker  
  176  12:43  Zealot, Stalker  
  182  13:05  Robotics Bay  
  182  13:06  Robotics Facility  
  182  13:09  Photon Cannon  
  182  13:11  Photon Cannon  
  182  13:12  Photon Cannon  
  182  13:14  Photon Cannon  
  182  13:15  Photon Cannon  
  182  13:17  Shield Battery  
  182  13:18  Carrier x2  
  182  13:19  Pylon  
  182  13:26  Assimilator  
  182  13:27  Assimilator  
  182  13:46  Protoss Shields Level 1  
  182  13:47  Carrier x2  
  182  13:49  Photon Cannon  
  182  13:50  Photon Cannon  
  182  13:52  Photon Cannon  
  190  14:10  Disruptor x2  
  196  14:31  Zealot x2  
  196  14:34  Dark Shrine  
  188  15:02  Zealot x3  
  188  15:05  Pylon  
  194  15:07  Photon Cannon  
  194  15:09  Photon Cannon  
  194  15:11  Photon Cannon  
  194  15:13  Photon Cannon  
  194  15:30  High Templar x2  
  194  15:32  Photon Cannon  
  194  15:34  Archon  
  198  15:36  Photon Cannon  
  180  15:58  Zealot x2  
  180  15:59  Zealot x8  
  170  16:42  Zealot x10  
  170  16:43  Zealot x2  
Show
View Real Time Build Order
Export as new Build Order

Denver Zerg 

Build Orders: Hatch First, Roach Hydra 

Get SALT Encoding   

  12  0:00  Drone  
  13  0:12  Overlord  
  13  0:17  Drone  
  14  0:30  Drone  
  15  0:44  Hatchery  
  15  0:48  Drone  
  15  0:52  Drone  
  15  0:56  Drone  
  17  0:59  Drone  
  18  1:10  Extractor  
  17  1:14  Spawning Pool  
  17  1:18  Drone  
  17  1:21  Drone  
  18  1:31  Drone  
  19  1:42  Drone  
  20  1:54  Drone  
  21  2:02  Zergling x2, Queen x2  
  21  2:04  Zergling x2  
  27  2:10  Overlord  
  27  2:15  Drone  
  28  2:30  Drone x3  
  31  2:38  Hatchery  
  31  2:40  Pneumatized Carapace  
  31  2:43  Drone x2  
  32  2:48  Overlord  
  32  2:50  Drone  
  33  2:56  Metabolic Boost  
  33  3:00  Drone x2  
  35  3:09  Drone x3  
  38  3:13  Drone x3  
  38  3:17  Overlord  
  41  3:22  Overlord  
  41  3:24  Drone  
  41  3:25  Drone  
  43  3:33  Spore Crawler, Queen  
  44  3:38  Overlord  
  44  3:42  Spore Crawler  
  44  3:45  Drone x4  
  47  3:49  Drone  
  47  3:51  Drone  
  47  3:52  Drone  
  50  3:55  Spore Crawler  
  50  3:57  Queen  
  51  4:03  Drone  
  51  4:04  Drone x2  
  54  4:10  Overlord  
  54  4:11  Queen  
  54  4:14  Drone  
  55  4:17  Drone x2  
  55  4:18  Drone  
  55  4:20  Drone  
  55  4:23  Drone  
  59  4:28  Overlord  
  60  4:31  Drone  
  60  4:32  Queen  
  60  4:38  Lair  
  62  4:40  Overlord  
  62  4:42  Extractor  
  62  4:43  Extractor  
  60  4:46  Roach Warren, Drone  
  60  4:47  Drone x2  
  60  4:49  Drone x2  
  60  4:52  Overlord  
  64  4:59  Spore Crawler x2  
  62  5:00  Drone x2  
  62  5:01  Drone  
  62  5:02  Spore Crawler  
  62  5:03  Drone  
  62  5:04  Drone  
  62  5:05  Drone  
  66  5:12  Zergling x8  
  66  5:13  Drone  
  70  5:17  Evolution Chamber  
  70  5:18  Drone x2  
  71  5:21  Drone  
  71  5:23  Drone  
  71  5:24  Drone x4  
  71  5:28  Extractor  
  76  5:29  Drone x2  
  76  5:32  Spore Crawler  
  76  5:34  Drone x2  
  77  5:43  Glial Reconstitution  
  77  5:44  Drone x3  
  77  5:45  Zerg Missile Weapons Level 1  
  77  5:49  Overseer  
  80  5:53  Spire, Drone x5  
  80  5:54  Drone  
  80  5:56  Extractor x2  
  83  5:58  Drone  
  83  5:59  Drone x2  
  83  6:01  Drone x2  
  83  6:03  Drone  
  87  6:07  Overlord  
  87  6:14  Overlord  
  87  6:18  Overlord  
  87  6:22  Drone x3  
  87  6:23  Overlord, Drone, Hatchery  
  87  6:26  Overlord  
  87  6:29  Overlord  
  85  6:34  Overlord x2  
  85  6:39  Drone x2  
  85  6:43  Overlord  
  86  6:47  Baneling Nest, Hydralisk Den, Drone x3  
  88  6:54  Roach x7  
  88  6:56  Drone  
  101  7:12  Drone  
  101  7:13  Drone x4  
  106  7:21  Grooved Spines, Hatchery  
  106  7:22  Hydralisk x4  
  107  7:27  Spore Crawler  
  107  7:29  Spore Crawler  
  109  7:30  Drone x3  
  109  7:31  Drone  
  109  7:33  Spore Crawler  
  109  7:35  Centrifical Hooks  
  111  7:37  Hydralisk x2  
  111  7:39  Infestation Pit  
  114  7:44  Zerg Missile Weapons Level 2  
  114  7:46  Drone  
  114  7:47  Evolution Chamber  
  114  7:49  Hydralisk x2  
  118  7:56  Hydralisk x4  
  125  8:00  Overlord  
  125  8:04  Extractor  
  125  8:05  Extractor, Hydralisk x3  
  123  8:07  Drone x2  
  123  8:08  Drone  
  123  8:12  Drone x3  
  135  8:15  Zerg Ground Armor Level 1  
  135  8:19  Overlord x2  
  135  8:24  Hydralisk x3  
  141  8:33  Hive  
  141  8:36  Overlord  
  141  8:38  Roach  
  141  8:39  Roach x3  
  149  8:42  Overlord x2  
  149  8:49  Hydralisk x4  
  157  8:58  Drone x6  
  157  8:59  Overseer  
  163  9:04  Zergling x16  
  171  9:10  Overlord, Overseer  
  171  9:18  Zergling x22  
  171  9:24  Muscular Augments  
  182  9:27  Baneling  
  182  9:28  Baneling x15  
  179  9:32  Zergling x12  
  185  9:39  Overseer  
  185  9:41  Zergling x2  
  185  9:42  Zergling x14  
  190  10:01  Zergling x20  
  193  10:17  Hatchery, Hydralisk x7  
  196  10:23  Zerg Ground Armor Level 2  
  196  10:24  Zerg Missile Weapons Level 3  
  196  10:25  Overseer  
  194  10:34  Hydralisk  
  194  10:35  Zergling x2  
  195  10:40  Nydus Network  
  189  10:52  Pathogen Glands, Greater Spire  
  189  10:53  Overlord  
  189  10:57  Zergling x2, Hydralisk  
  189  10:58  Zergling x14  
  199  11:06  Spore Crawler  
  199  11:07  Overseer  
  199  11:08  Spine Crawler  
  199  11:09  Spine Crawler  
  199  11:11  Spine Crawler  
  195  11:30  Spire  
  194  11:43  Corruptor x4  
  200  11:48  Extractor  
  200  11:49  Neural Parasite, Extractor  
  200  11:50  Spore Crawler  
  200  11:52  Spore Crawler  
  196  11:54  Spore Crawler  
  196  11:56  Overseer  
  195  12:05  Drone x3  
  198  12:13  Adrenal Glands  
  191  12:17  Hatchery  
  191  12:19  Corruptor x3, Infestor  
  191  12:21  Overseer x3  
  193  12:23  Nydus Canal  
  192  12:32  Brood Lord x3  
  198  12:42  Spore Crawler  
  198  12:44  Baneling x13  
  197  12:48  Brood Lord  
  199  12:51  Zerg Ground Armor Level 3  
  199  12:52  Zerg Flyer Weapons Level 1  
  199  13:00  Overseer  
  199  13:16  Spore Crawler x2  
  199  13:18  Spore Crawler, Zerg Flyer Armor Level 1  
  196  13:26  Spore Crawler x3  
  193  13:27  Spore Crawler  
  193  13:28  Spore Crawler x2  
  182  13:37  Infestor x10  
  180  13:44  Brood Lord  
  178  13:53  Drone x11  
  189  14:00  Zergling x2  
  189  14:01  Zergling x18  
  199  14:05  Spore Crawler  
  199  14:07  Spore Crawler  
  199  14:08  Brood Lord  
  199  14:12  Burrow  
  199  14:13  Spore Crawler  
  199  14:16  Spore Crawler  
  172  14:55  Zergling x26, Hydralisk x2  
  180  15:02  Infestor x2  
  180  15:05  Brood Lord, Corruptor x7  
  183  15:23  Baneling x6  
  183  15:24  Baneling x4  
  176  15:54  Corruptor x7  
  174  16:02  Zergling x12  
  174  16:03  Zergling x14  
Tags
 
Add a new tag
Caveats
  • Supply blocks, unpowered buildings, or Contaminate may cause inaccurate times.
  • Supply counts are checked every 10 seconds.